[ AOE2 MATCH · #505832047 ]
UnrankedLithuanians vs Huns
Rival team · WIN
[ REPLAY ANALYSIS · EXTRACTED FROM THE RECORDED GAME ]
Feudal
15:03
Castle
19:16
Imperial
28:35
| APM avg | 24.5 |
| APM peak | 58 |
| eAPM avg | 16.9 |
| Villagers / military | 77 / 21 |
Focus
⚔️ 23.4% · 🌾 76.6%
Leitis ×17 · Trebuchet (Packed) ×2 · Monk ×1 · Mangonel ×1
Feudal
13:47
Castle
18:09
Imperial
30:43
| APM avg | 32.7 |
| APM peak | 64 |
| eAPM avg | 18.5 |
| Villagers / military | 134 / 29 |
Focus
⚔️ 31.8% · 🌾 68.2%
Cavalry Archer ×24 · Fishing Ship ×19 · Trebuchet (Packed) ×4 · Monk ×1
Match map
Initial resources + every placement click. Lines = walls · curves = elevation contours. ◆ gold · ⬟ stone · ● berries · ✦ relic · ◌ wall gap
Your base· Open — opponent sealed themselves in
cardinals's base· ✓ Closed at 18:09 · 22t walls · no gate
Smoothed initial terrain · ◌ = detected wall gap · hover for details
Inputs per minute
— Tim_Boww - - cardinals
Build order — Tim_Boww
First 150 of 185 actions detected
| 0:01 | Create | Villager (Male) |
| 0:01 | Create | Villager (Male) |
| 0:02 | Build | House |
| 0:03 | Build | House |
| 0:07 | Create | Villager (Male) |
| 0:13 | Create | Villager (Male) |
| 0:21 | Create | Villager (Male) |
| 0:50 | Create | Villager (Male) |
| 1:26 | Research | Loom |
| 1:37 | Create | Villager (Male) |
| 1:38 | Create | Villager (Male) |
| 1:49 | Create | Villager (Male) |
| 2:48 | Create | Villager (Male) |
| 2:49 | Create | Villager (Male) |
| 3:24 | Create | Villager (Male) |
| 3:50 | Build | House |
| 4:07 | Create | Villager (Male) |
| 4:49 | Create | Villager (Male) |
| 5:13 | Create | Villager (Male) |
| 6:12 | Create | Villager (Male) |
| 6:12 | Create | Villager (Male) |
| 6:24 | Create | Villager (Male) |
| 6:53 | Build | House |
| 7:19 | Create | Villager (Male) |
| 7:20 | Create | Villager (Male) |
| 7:57 | Create | Villager (Male) |
| 8:24 | Create | Villager (Male) |
| 8:32 | Create | Villager (Male) |
| 8:45 | Build | Lumber Camp |
| 8:47 | Create | Villager (Male) |
| 8:53 | Create | Villager (Male) |
| 9:28 | Create | Villager (Male) |
| 10:02 | Create | Villager (Male) |
| 10:34 | Build | Mill |
| 10:35 | Create | Villager (Male) |
| 11:25 | Create | Villager (Male) |
| 11:27 | Build | Farm |
| 11:29 | Build | Farm |
| 11:31 | Create | Villager (Male) |
| 11:43 | Build | House |
| 11:52 | Create | Villager (Male) |
| 12:04 | Build | Farm |
| 12:07 | Build | Farm |
| 12:28 | Build | Farm |
| 12:53 | Research | Feudal Age |
| 12:57 | Build | Mining Camp |
| 13:12 | Create | Villager (Male) |
| 13:13 | Create | Villager (Male) |
| 14:05 | Build | Mining Camp |
| 14:39 | Create | Villager (Male) |
| 15:03 | Age | Feudal Age |
| 15:07 | Build | Market |
| 15:17 | Build | Blacksmith |
| 16:36 | Research | Castle Age |
| 16:42 | Research | Horse Collar |
| 16:50 | Build | House |
| 17:05 | Research | Double-Bit Axe |
| 17:41 | Build | Farm |
| 17:44 | Create | Villager (Male) |
| 18:49 | Create | Villager (Male) |
| 19:16 | Age | Castle Age |
| 19:19 | Build | Castle |
| 19:30 | Research | Fletching |
| 19:31 | Research | Bow Saw |
| 19:32 | Research | Heavy Plow |
| 19:47 | Build | Farm |
| 20:01 | Create | Villager (Male) |
| 20:24 | Build | Town Center |
| 20:27 | Create | Villager (Male) |
| 20:48 | Create | Leitis |
| 20:57 | Create | Villager (Male) |
| 21:12 | Build | Farm |
| 21:14 | Build | Farm |
| 21:16 | Create | Villager (Male) |
| 21:37 | Build | Farm |
| 21:46 | Create | Villager (Male) |
| 21:49 | Create | Villager (Male) |
| 21:49 | Build | Farm |
| 22:02 | Create | Villager (Male) |
| 22:17 | Build | Farm |
| 22:29 | Create | Villager (Male) |
| 22:38 | Create | Villager (Male) |
| 23:01 | Create | Villager (Male) |
| 23:08 | Build | Farm |
| 23:10 | Build | Farm |
| 23:12 | Build | Farm |
| 23:13 | Create | Villager (Male) |
| 23:37 | Create | Villager (Male) |
| 23:45 | Create | Villager (Male) |
| 23:46 | Create | Villager (Male) |
| 23:50 | Build | Farm |
| 23:51 | Build | Farm |
| 24:11 | Build | Farm |
| 24:45 | Build | Monastery |
| 24:57 | Build | Farm |
| 25:00 | Build | Farm |
| 25:02 | Build | Farm |
| 25:26 | Research | Imperial Age |
| 25:27 | Create | Villager (Male) |
| 25:27 | Create | Villager (Male) |
| 25:43 | Research | Gold Mining |
| 25:47 | Create | Villager (Male) |
| 25:59 | Create | Villager (Male) |
| 26:04 | Create | Monk |
| 26:19 | Build | Mining Camp |
| 26:23 | Create | Villager (Male) |
| 26:26 | Research | Scale Barding Armor |
| 26:27 | Research | Forging |
| 26:47 | Create | Leitis |
| 26:50 | Create | Villager (Male) |
| 27:06 | Build | Farm |
| 27:09 | Build | Farm |
| 27:11 | Create | Leitis |
| 27:13 | Create | Leitis |
| 27:15 | Create | Villager (Male) |
| 27:26 | Build | House |
| 27:28 | Build | House |
| 27:31 | Build | Lumber Camp |
| 27:34 | Create | Villager (Male) |
| 27:36 | Create | Leitis |
| 27:54 | Create | Leitis |
| 28:08 | Create | Villager (Male) |
| 28:13 | Build | Siege Workshop |
| 28:20 | Research | Chain Barding Armor |
| 28:31 | Create | Villager (Male) |
| 28:33 | Build | House |
| 28:35 | Age | Imperial Age |
| 28:37 | Create | Trebuchet (Packed) |
| 28:40 | Create | Villager (Male) |
| 28:48 | Research | Town Watch |
| 28:49 | Create | Villager (Male) |
| 28:54 | Build | Farm |
| 28:56 | Build | Farm |
| 28:59 | Build | House |
| 29:00 | Build | House |
| 29:02 | Create | Villager (Male) |
| 29:05 | Create | Leitis |
| 29:23 | Build | Siege Workshop |
| 29:36 | Create | Trebuchet (Packed) |
| 29:38 | Create | Villager (Male) |
| 29:40 | Create | Villager (Male) |
| 29:50 | Research | Wheelbarrow |
| 29:52 | Create | Villager (Male) |
| 29:56 | Build | House |
| 29:57 | Build | House |
| 30:37 | Research | Onager (upgrade) |
| 30:43 | Build | Farm |
| 30:46 | Create | Leitis |
| 31:03 | Build | Farm |
| 31:09 | Create | Mangonel |
Build order — cardinals
First 150 of 267 actions detected
| 0:00 | Create | Villager (Male) |
| 0:01 | Create | Villager (Male) |
| 0:01 | Create | Villager (Male) |
| 0:01 | Create | Villager (Male) |
| 0:22 | Research | Loom |
| 0:22 | Create | Villager (Male) |
| 0:22 | Create | Villager (Male) |
| 0:22 | Create | Villager (Male) |
| 0:53 | Build | Palisade Wall |
| 1:50 | Create | Villager (Male) |
| 2:34 | Create | Villager (Male) |
| 2:34 | Create | Villager (Male) |
| 3:01 | Create | Villager (Male) |
| 3:01 | Create | Villager (Male) |
| 3:23 | Create | Villager (Male) |
| 3:23 | Create | Villager (Male) |
| 3:47 | Create | Villager (Male) |
| 4:24 | Create | Villager (Male) |
| 4:25 | Create | Villager (Male) |
| 4:46 | Create | Villager (Male) |
| 5:05 | Create | Villager (Male) |
| 5:05 | Create | Villager (Male) |
| 5:31 | Create | Villager (Male) |
| 5:58 | Create | Villager (Male) |
| 6:14 | Build | Lumber Camp |
| 6:17 | Create | Villager (Male) |
| 6:34 | Create | Villager (Male) |
| 7:13 | Create | Villager (Male) |
| 7:37 | Create | Villager (Male) |
| 8:25 | Create | Villager (Male) |
| 8:27 | Build | Dock |
| 8:37 | Create | Villager (Male) |
| 8:39 | Create | Villager (Male) |
| 9:08 | Create | Fishing Ship |
| 9:19 | Build | Palisade Wall |
| 9:28 | Create | Villager (Male) |
| 9:30 | Create | Villager (Male) |
| 9:40 | Create | Villager (Male) |
| 9:52 | Build | Palisade Wall |
| 9:55 | Create | Fishing Ship |
| 10:06 | Build | Palisade Wall |
| 10:20 | Build | Palisade Wall |
| 10:21 | Build | Palisade Wall |
| 10:29 | Create | Fishing Ship |
| 10:38 | Build | Outpost |
| 10:54 | Create | Fishing Ship |
| 11:05 | Create | Villager (Male) |
| 11:37 | Research | Feudal Age |
| 11:37 | Research | Feudal Age |
| 12:02 | Build | Mining Camp |
| 12:12 | Build | Mill |
| 12:44 | Build | Mill |
| 13:19 | Create | Villager (Male) |
| 13:19 | Create | Villager (Male) |
| 13:47 | Age | Feudal Age |
| 13:52 | Build | Dock |
| 13:54 | Build | Stone Wall |
| 13:58 | Build | Stone Wall |
| 13:59 | Build | Stone Wall |
| 14:01 | Build | Stone Wall |
| 14:02 | Build | Stone Wall |
| 14:04 | Create | Villager (Male) |
| 14:07 | Build | Market |
| 14:18 | Build | Blacksmith |
| 14:42 | Build | Stone Wall |
| 14:44 | Build | Stone Wall |
| 14:47 | Create | Villager (Male) |
| 15:29 | Research | Castle Age |
| 15:43 | Build | Lumber Camp |
| 15:56 | Research | Tech 906 |
| 15:56 | Research | Tech 906 |
| 16:41 | Create | Fishing Ship |
| 16:49 | Research | Double-Bit Axe |
| 16:50 | Research | Double-Bit Axe |
| 16:55 | Research | Horse Collar |
| 16:56 | Research | Horse Collar |
| 17:08 | Create | Villager (Male) |
| 17:12 | Create | Fishing Ship |
| 17:22 | Build | Fish Trap |
| 17:26 | Build | Fish Trap |
| 17:42 | Build | Fish Trap |
| 18:09 | Age | Castle Age |
| 18:11 | Build | Town Center |
| 18:11 | Create | Villager (Male) |
| 18:20 | Research | Bow Saw |
| 18:20 | Research | Bow Saw |
| 18:38 | Create | Villager (Male) |
| 18:44 | Build | Fish Trap |
| 18:47 | Build | Fish Trap |
| 19:09 | Create | Villager (Male) |
| 19:31 | Build | Town Center |
| 19:39 | Build | Stone Wall |
| 19:42 | Create | Villager (Male) |
| 19:42 | Create | Villager (Male) |
| 20:04 | Create | Villager (Male) ×3 |
| 20:06 | Create | Fishing Ship |
| 20:24 | Build | Stone Wall |
| 20:32 | Create | Villager (Male) |
| 20:34 | Build | Farm |
| 20:37 | Create | Fishing Ship |
| 20:41 | Build | Farm |
| 20:43 | Build | Farm |
| 20:46 | Build | Farm |
| 20:46 | Build | Farm |
| 20:48 | Build | Farm |
| 20:59 | Build | Stone Wall |
| 21:02 | Build | Stone Wall |
| 21:10 | Build | Stone Wall |
| 21:12 | Create | Villager (Male) ×3 |
| 21:16 | Build | Fish Trap |
| 21:18 | Create | Fishing Ship |
| 21:22 | Build | Farm |
| 21:34 | Build | Farm |
| 21:35 | Create | Villager (Male) |
| 21:39 | Build | Farm |
| 21:46 | Create | Villager (Male) ×3 |
| 21:57 | Build | Farm |
| 22:03 | Build | Farm |
| 22:04 | Create | Villager (Male) |
| 22:07 | Create | Villager (Male) |
| 22:12 | Build | Stone Wall |
| 22:16 | Build | Stone Wall |
| 22:22 | Create | Villager (Male) |
| 22:26 | Build | Farm |
| 22:31 | Build | Fish Trap |
| 22:38 | Create | Villager (Male) |
| 22:38 | Create | Villager (Male) ×2 |
| 22:39 | Create | Villager (Male) |
| 22:42 | Build | Fish Trap |
| 22:46 | Create | Villager (Male) ×2 |
| 22:49 | Create | Fishing Ship |
| 22:50 | Create | Fishing Ship |
| 22:53 | Create | Villager (Male) |
| 22:57 | Build | Farm |
| 23:01 | Build | Farm |
| 23:02 | Create | Villager (Male) |
| 23:02 | Create | Villager (Male) |
| 23:03 | Create | Villager (Male) |
| 23:19 | Build | Lumber Camp |
| 23:22 | Create | Villager (Male) ×2 |
| 23:28 | Build | Farm |
| 23:35 | Build | Fish Trap |
| 23:37 | Create | Fishing Ship |
| 23:39 | Create | Villager (Male) |
| 23:48 | Build | Farm |
| 23:50 | Create | Villager (Male) ×3 |
| 24:09 | Build | Outpost |
| 24:12 | Create | Villager (Male) ×2 |
| 24:20 | Build | Monastery |
| 24:21 | Create | Villager (Male) ×2 |
Match timeline
| 0:53 | cardinals · wall_segment Palisade Wall x7 |
| 8:27 | cardinals · first_building Dock |
| 9:19 | cardinals · wall_segment Palisade Wall x1 |
| 9:52 | cardinals · wall_segment Palisade Wall x3 |
| 10:06 | cardinals · wall_segment Palisade Wall x1 |
| 10:20 | cardinals · wall_segment Palisade Wall x1 |
| 10:21 | cardinals · wall_segment Palisade Wall x1 |
| 13:47 | cardinals · age_up feudal |
| 13:54 | cardinals · wall_segment Stone Wall x1 |
| 13:58 | cardinals · wall_segment Stone Wall x1 |
| 13:59 | cardinals · wall_segment Stone Wall x3 |
| 14:01 | cardinals · wall_segment Stone Wall x4 |
| 14:02 | cardinals · wall_segment Stone Wall x1 |
| 14:42 | cardinals · wall_segment Stone Wall x1 |
| 14:44 | cardinals · wall_segment Stone Wall x1 |
| 15:03 | Tim_Boww · age_up feudal |
| 15:24 | cardinals · first_market_sell 100 stone |
| 16:10 | Tim_Boww · first_market_sell 100 wood |
| 16:11 | Tim_Boww · first_market_buy 100 food |
| 18:09 | cardinals · age_up castle |
| 19:16 | Tim_Boww · age_up castle |
| 19:19 | Tim_Boww · first_building Castle |
| 19:39 | cardinals · wall_segment Stone Wall x8 |
| 20:24 | cardinals · wall_segment Stone Wall x8 |
| 20:59 | cardinals · wall_segment Stone Wall x1 |
| 21:02 | cardinals · wall_segment Stone Wall x3 |
| 21:10 | cardinals · wall_segment Stone Wall x7 |
| 21:45 | cardinals · first_market_buy 100 food |
| 22:12 | cardinals · wall_segment Stone Wall x1 |
| 22:16 | cardinals · wall_segment Stone Wall x7 |
| 24:20 | cardinals · first_building Monastery |
| 24:45 | Tim_Boww · first_building Monastery |
| 26:08 | cardinals · first_building Castle |
| 28:13 | Tim_Boww · first_building Siege Workshop |
| 28:28 | cardinals · first_building Barracks |
| 28:35 | Tim_Boww · age_up imperial |
| 29:33 | cardinals · first_building Stable |
| 30:04 | cardinals · first_building Archery Range |
| 30:43 | cardinals · age_up imperial |
| 34:31 | Tim_Boww · resign |
[ AI ANALYSIS · 1 CREDIT ]
What really happened in this match?
Wolo.gg analyzes every decision: build order, eco, micro, common mistakes by bracket. Personalized analysis on WhatsApp or Discord in 30 seconds.
Civ guide
Lithuanians
Perfil
Jugador #675679